[Event "Titled Tuesday Blitz May 2 Early 2023"]
[White "Matveeva, Olga"]
[Black "Jiganchine, Roman"]
[WhiteFideId "24107018"]
[BlackFideId "2603667"]
[WhiteElo "2056"]
[BlackElo "2205"]
[Result "1-0"]
[Round "11"]
[TimeControl "180+2"]
[Date "2023.05.03"]
[WhiteClock "0:00:00"]
[BlackClock "0:00:00"]

1. d4 Nf6 2. c4 e6 3. g3 d5 4. Nf3 Bd6 5. Nc3 h6 6. Bg2 O-O 7. O-O Nc6 8. b3 Re8 9. Bb2 dxc4 10. bxc4 e5 11. e3 Bg4 12. h3 exd4 13. exd4 Bxf3 14. Bxf3 Bb4 15. Nd5 Nxd5 16. Bxd5 Ne7 17. Bg2 Nf5 18. a3 Bd6 19. c5 Bxg3 20. fxg3 Qg5 21. Rxf5 Qxf5 22. d5 Re3 23. Kh2 Rae8 24. Qd4 Qg5 25. Qf4 Qxf4 26. gxf4 Re2 27. Be5 f6 28. Bxc7 Rc2 29. d6 Ree2 30. Rg1 Red2 31. Kg3 Rc3+ 32. Kh4 Rxc5 33. Bxb7 g5+ 34. fxg5 hxg5+ 35. Kh5 Kg7 36. Re1 g4+ 37. Kxg4 Rg5+ 38. Kf3 Rd3+ 39. Re3 Rg3+ 40. Kxg3 Rxe3+ 41. Kf4 Rd3 42. Ke4 Rd1 43. Bd5 Re1+ 44. Kf3 Re5 45. d7 Rxd5 46. d8=Q Rxd8 47. Bxd8 a5 48. a4 Kg6 49. Bxa5 f5 50. Bb4 Kf7 51. a5 Kg6 52. a6 Kh5 53. a7 Kh4 54. a8=Q Kxh3 55. Qh8# 1-0


[Site "https://www.chess.com"]

[Event "Titled Tuesday Blitz May 2 Early 2023"]
[White "Cramling Bellon, Anna"]
[Black "Prudnykova, Olga"]
[WhiteFideId "32009232"]
[BlackFideId "14121093"]
[WhiteElo "1972"]
[BlackElo "2113"]
[Result "0-1"]
[Round "11"]
[TimeControl "180+2"]
[Date "2023.05.03"]
[WhiteClock "0:00:00"]
[BlackClock "0:00:00"]

1. d4 Nf6 2. c4 g6 3. Nc3 d5 4. cxd5 Nxd5 5. e4 Nxc3 6. bxc3 c5 7. Nf3 Bg7 8. Qa4+ Bd7 9. Qa3 cxd4 10. cxd4 O-O 11. Bg5 Re8 12. Be2 Bg4 13. Rd1 Bxf3 14. Qxf3 Bxd4 15. Bc4 Rf8 16. Bh6 Qa5+ 17. Kf1 Bg7 18. Rd5 Qc7 19. Bxg7 Kxg7 20. Qc3+ f6 21. Rd3 Nc6 22. Bd5 Rac8 23. Rh3 Na5 24. Qxc7 Rxc7 25. Ke2 Rc2+ 26. Kd3 Rfc8 27. Kd4 e5+ 0-1


[Site "https://www.chess.com"]

[Event "Titled Tuesday Blitz May 2 Early 2023"]
[White "Manon-og, Ramon Jr."]
[Black "Ciuffoletti, Paolo"]
[WhiteFideId "5200776"]
[BlackFideId "807630"]
[WhiteElo "1999"]
[BlackElo "2143"]
[Result "1-0"]
[Round "11"]
[TimeControl "180+2"]
[Date "2023.05.03"]
[WhiteClock "0:00:00"]
[BlackClock "0:00:00"]

1. e4 c5 2. Nf3 Nc6 3. Bb5 e6 4. Bxc6 bxc6 5. O-O Ne7 6. d4 cxd4 7. Qxd4 Ng6 8. Bg5 f6 9. Be3 Be7 10. c4 O-O 11. Nc3 Qa5 12. a3 c5 13. Qd3 Rd8 14. h4 h6 15. e5 Nxe5 16. Nxe5 fxe5 17. Qg6 Rf8 18. Bxh6 Rf7 19. Ne4 Qd8 20. Bg5 Qe8 21. h5 Bb7 22. Rae1 Rf8 23. Bxe7 Bxe4 24. Qxe8 Rfxe8 25. Bxc5 Bd3 26. Rxe5 Bxf1 27. Kxf1 Rac8 28. b3 Kf7 29. Bxa7 Ra8 30. Bc5 Reb8 31. Bb4 Rb7 32. c5 Ra6 33. g4 Rb5 34. Re4 Rc6 35. Ke2 Rb8 36. Rd4 Rd8 37. Ba5 Ra8 38. Bb4 Ke7 39. f4 Rf8 40. Ke3 Rh8 41. Ke4 Rf8 42. Rd5 exd5+ 43. Ke5 Rf7 44. f5 Ke8 45. Kxd5 Ra6 46. a4 Re7 47. Kc4 Re3 48. Bc3 Rg3 49. g5 Rxg5 50. Kb5 Rh6 51. a5 Rhxh5 52. a6 Rxf5 53. Bd4 Rf1 54. a7 1-0


[Site "https://www.chess.com"]

[Event "Titled Tuesday Blitz May 2 Early 2023"]
[White "Tsyhanchuk, Stanislav"]
[Black "Vargas Rodriguez, Wilver"]
[WhiteFideId "13505130"]
[BlackFideId "3509672"]
[WhiteElo "2173"]
[BlackElo "2224"]
[Result "0-1"]
[Round "11"]
[TimeControl "180+2"]
[Date "2023.05.03"]
[WhiteClock "0:00:00"]
[BlackClock "0:00:00"]

1. c4 c5 2. Nc3 Nc6 3. g3 g6 4. Bg2 Bg7 5. a3 e6 6. Rb1 Nge7 7. b4 d6 8. e3 O-O 9. Nge2 Nf5 10. b5 Ne5 11. d3 Rb8 12. f4 Ng4 13. Bf3 Ngxe3 14. Bxe3 Nxe3 15. Qd2 Nf5 16. O-O b6 17. Ne4 Bb7 18. Kh1 d5 19. cxd5 exd5 20. Ng5 h6 21. Nh3 Qd7 22. Nf2 Rfe8 23. Nc3 Bd4 24. Ng4 Ne3 25. Nxe3 Bxe3 26. Qd1 Kg7 27. Ne2 d4 28. Ng1 Bxg1 29. Kxg1 Re3 30. Bxb7 Qxb7 31. f5 Rbe8 32. f6+ Kh7 33. Rf2 R8e6 34. Qg4 Re1+ 35. Rxe1 Rxe1+ 36. Rf1 Rxf1+ 37. Kxf1 Qh1+ 38. Ke2 Qxh2+ 39. Kd1 Qg1+ 40. Ke2 Qg2+ 41. Ke1 Qg1+ 42. Ke2 Qe3+ 43. Kf1 Qe6 44. Qf4 Qf5 45. Kf2 Qxf4+ 46. gxf4 g5 47. Kf3 Kg6 48. fxg5 hxg5 49. a4 Kxf6 50. Ke4 Kg6 51. Kd5 g4 52. Kc6 g3 53. Kb7 g2 54. Kxa7 g1=Q 55. Kxb6 Qg5 56. a5 Qd8+ 57. Ka6 Qb8 58. b6 Qa8+ 59. Kb5 Qe8+ 60. Kxc5 Qa4 61. b7 Qxa5+ 62. Kc6 Qb4 63. Kc7 f5 64. b8=Q Qxb8+ 65. Kxb8 f4 66. Kc7 f3 67. Kd6 f2 68. Kd5 f1=Q 69. Kxd4 Kf6 70. Kc4 Ke7 71. Kd5 Kd7 72. Ke5 Qf8 73. d4 Qd6+ 74. Ke4 Ke6 75. Kd3 Qd5 76. Ke3 Kf5 77. Kd3 Kf4 78. Kc3 Ke4 79. Kb4 Kxd4 80. Ka4 Qb7 81. Ka3 Kc4 82. Ka2 Kc3 83. Ka1 Kc2 84. Ka2 Qa8# 0-1


[Site "https://www.chess.com"]

[Event "Titled Tuesday Blitz May 2 Early 2023"]
[White "Rottenwohrer Suarez, Juan"]
[Black "Smietanska, Wiktoria"]
[WhiteFideId "32068182"]
[BlackFideId "21869359"]
[WhiteElo "2174"]
[BlackElo "1995"]
[Result "1-0"]
[Round "11"]
[TimeControl "180+2"]
[Date "2023.05.03"]
[WhiteClock "0:00:00"]
[BlackClock "0:00:00"]

1. d4 Nf6 2. c4 g6 3. Nc3 Bg7 4. e4 d6 5. Be2 O-O 6. Be3 e5 7. d5 Ne8 8. g4 f5 9. gxf5 gxf5 10. exf5 Bxf5 11. Nf3 Nf6 12. Rg1 Kh8 13. Ng5 c6 14. Qd2 cxd5 15. cxd5 Nbd7 16. h4 a6 17. h5 Ng8 18. Ne6 Bxe6 19. dxe6 Ndf6 20. h6 Nxh6 21. Bxh6 Bxh6 22. Qxh6 Qe7 23. O-O-O Rg8 24. Bd3 Qxe6 25. Bxh7 Rxg1 26. Bf5+ Kg8 27. Bxe6# 1-0


[Site "https://www.chess.com"]

[Event "Titled Tuesday Blitz May 2 Early 2023"]
[White "Pasti, Aron"]
[Black "Srdanovic, Jovana"]
[WhiteFideId "785857"]
[BlackFideId "954810"]
[WhiteElo "2173"]
[BlackElo "2145"]
[Result "0-1"]
[Round "11"]
[TimeControl "180+2"]
[Date "2023.05.03"]
[WhiteClock "0:00:00"]
[BlackClock "0:00:00"]

1. e4 c6 2. d4 d5 3. exd5 cxd5 4. Bd3 Nc6 5. c3 Qc7 6. Nf3 Nf6 7. Bg5 Bg4 8. Nbd2 e6 9. Qc2 h6 10. Bh4 Bd6 11. h3 Bxf3 12. Nxf3 g5 13. Bg3 Bxg3 14. fxg3 Qxg3+ 15. Kf1 g4 16. hxg4 Nxg4 17. Re1 O-O-O 18. Rh3 Qf4 19. Qe2 Rhg8 20. Kg1 Rg7 21. b4 Rdg8 22. a4 Nf6 23. Rh2 Ng4 24. Rh4 Qf6 25. a5 e5 26. b5 e4 27. bxc6 exf3 28. cxb7+ Kb8 29. Qxf3 Qxf3 30. gxf3 Ne5+ 31. Kf2 Nxd3+ 32. Ke2 Nxe1 33. Kxe1 Rg1+ 34. Ke2 R8g2+ 35. Ke3 Re1+ 36. Kf4 Kxb7 37. Rxh6 Rf2 38. Rh7 Ref1 39. Rxf7+ Ka6 40. Kg3 Rc2 41. Kg4 Rxc3 42. f4 Rg1+ 43. Kh4 Rf3 44. f5 Rf2 45. Kh3 Rf3+ 46. Kh4 Rfg3 47. f6 Rg8 48. Rxa7+ Kxa7 0-1


[Site "https://www.chess.com"]

[Event "Titled Tuesday Blitz May 2 Early 2023"]
[White "Panico, Nick"]
[Black "Acikel, Mert"]
[WhiteFideId "2026724"]
[BlackFideId "12956465"]
[WhiteElo "1982"]
[BlackElo "2097"]
[Result "0-1"]
[Round "11"]
[TimeControl "180+2"]
[Date "2023.05.03"]
[WhiteClock "0:00:00"]
[BlackClock "0:00:00"]

1. d4 d5 2. Bf4 Nf6 3. e3 e6 4. Nd2 Bd6 5. Bg3 c5 6. c3 Qc7 7. Ngf3 Nbd7 8. Bd3 O-O 9. Qe2 b6 10. e4 dxe4 11. Nxe4 Bxg3 12. hxg3 Bb7 13. dxc5 Nxe4 14. Bxe4 Bxe4 15. Qxe4 Nf6 16. Qe5 Qxc5 17. Qxc5 bxc5 18. Ke2 Rfd8 19. Rhd1 Kf8 20. Ne5 Nd5 21. Nc6 Rdc8 22. Na5 c4 23. Rd4 Nb6 24. Rad1 Rc5 25. Nb7 Re5+ 26. Kf1 Rb8 27. Rd8+ Rxd8 28. Rxd8+ Ke7 29. Rb8 Rd5 30. Ke2 Kd7 31. Rd8+ Kc7 32. Rxd5 exd5 33. Na5 Na4 34. Ke3 Kb6 35. b4 Nxc3 36. Kd4 Nxa2 37. Kxd5 Nxb4+ 38. Kxc4 Kxa5 39. f4 Nc2 40. f5 Ne3+ 41. Kc5 Nxf5 42. g4 Ne3 0-1


[Site "https://www.chess.com"]

[Event "Titled Tuesday Blitz May 2 Early 2023"]
[White "Quirke, Jeffrey"]
[Black "Blokhin, Sofia"]
[WhiteFideId "2013029"]
[BlackFideId "4508190"]
[WhiteElo "2007"]
[BlackElo "1994"]
[Result "0-1"]
[Round "11"]
[TimeControl "180+2"]
[Date "2023.05.03"]
[WhiteClock "0:00:00"]
[BlackClock "0:00:00"]

1. e4 c5 2. Nc3 e6 3. g3 g6 4. Bg2 Bg7 5. d3 Nc6 6. Nge2 Nge7 7. O-O O-O 8. f4 d5 9. g4 d4 10. Nb1 f5 11. Ng3 b5 12. a4 b4 13. Nd2 Rb8 14. b3 Na5 15. gxf5 exf5 16. e5 Nd5 17. Nc4 Nxc4 18. dxc4 Nc3 19. Qd3 h5 20. Bd2 h4 21. Bxc3 dxc3 22. Bd5+ Kh8 23. Nh1 Bb7 24. Rad1 g5 25. Bxb7 Qxd3 26. Rxd3 Rxb7 27. fxg5 Bxe5 28. Rh3 Bd4+ 29. Nf2 Kg7 30. Rxh4 Re8 31. Rf4 Kg6 32. h4 Re2 33. Kg2 Rxc2 0-1


[Site "https://www.chess.com"]

[Event "Titled Tuesday Blitz May 2 Early 2023"]
[White "Kopacz, Grzegorz"]
[Black "Torres Dominguez, David"]
[WhiteFideId "1109880"]
[BlackFideId "2220857"]
[WhiteElo "2037"]
[BlackElo "1999"]
[Result "0-1"]
[Round "11"]
[TimeControl "180+2"]
[Date "2023.05.03"]
[WhiteClock "0:00:01"]
[BlackClock "0:00:00"]

1. d4 e5 2. dxe5 d6 3. exd6 Bxd6 4. Nf3 Bg4 5. e3 Qe7 6. Nc3 Nc6 7. Bb5 Nf6 8. O-O O-O-O 9. Qe2 Ne5 10. Kh1 Kb8 11. a4 c6 12. a5 cxb5 13. Nxb5 Nxf3 14. gxf3 Qe5 15. f4 Bxe2 16. fxe5 Bxb5 17. Rg1 Bxe5 0-1


[Site "https://www.chess.com"]

[Event "Titled Tuesday Blitz May 2 Early 2023"]
[White "Zaichenko, Daria"]
[Black "Winkels, Marcel"]
[WhiteFideId "4197453"]
[BlackFideId "1003887"]
[WhiteElo "2039"]
[BlackElo "1900"]
[Result "0-1"]
[Round "11"]
[TimeControl "180+2"]
[Date "2023.05.03"]
[WhiteClock "0:00:00"]
[BlackClock "0:00:00"]

1. e4 Nf6 2. e5 Nd5 3. d4 d6 4. Nf3 dxe5 5. Nxe5 g6 6. c4 Nf6 7. Nc3 Bg7 8. Be3 Nbd7 9. Nf3 O-O 10. Bd3 Nb6 11. h3 c6 12. Qc2 Be6 13. Ne5 Nfd7 14. f4 Nxe5 15. fxe5 Bxc4 16. O-O Bxd3 17. Qxd3 c5 18. d5 Bxe5 19. Bxc5 Rc8 20. Bd4 Bxd4+ 21. Qxd4 Rc4 22. Qd3 Qd6 23. Rad1 Rd8 24. b3 Rcc8 25. Kh1 Qc5 26. Ne4 Qxd5 27. Qf3 Qe6 28. Rde1 Qd5 29. Qf4 Nd7 30. Qh6 f6 31. Rf3 Qh5 32. Qe3 Qe5 33. Qh6 f5 34. Rg3 fxe4 35. Rg5 Qg7 36. Qh4 Nf6 37. Re5 Rd6 38. g4 Rcd8 39. g5 Nh5 40. R5xe4 Rd1 41. Rxe7 Qxe7 42. Qc4+ Qf7 43. Rxd1 Rxd1+ 44. Kg2 Rd2+ 45. Kg1 Qxc4 46. bxc4 Rxa2 47. Kf1 Rc2 48. c5 Rxc5 49. h4 Rf5+ 50. Kg2 Nf4+ 51. Kg3 Kf7 52. Kg4 Ke6 53. h5 Nxh5 54. Kh4 a5 55. Kg4 a4 0-1


[Site "https://www.chess.com"]

[Event "Titled Tuesday Blitz May 2 Early 2023"]
[White "James, Stuart"]
[Black "Kostiukov, Alexandr"]
[WhiteFideId "7400489"]
[BlackFideId "14108100"]
[WhiteElo "1950"]
[BlackElo "2202"]
[Result "0-1"]
[Round "11"]
[TimeControl "180+2"]
[Date "2023.05.03"]
[WhiteClock "0:00:00"]
[BlackClock "0:00:00"]

1. e4 c5 2. Nf3 g6 3. c3 Bg7 4. d4 cxd4 5. cxd4 d5 6. e5 Nc6 7. Bb5 Bg4 8. h3 Bxf3 9. Qxf3 Nh6 10. O-O Nf5 11. Be3 O-O 12. Bxc6 bxc6 13. Nc3 f6 14. e6 Qd6 15. Na4 Qxe6 16. Nc5 Qd6 17. Bf4 Nxd4 18. Bxd6 Nxf3+ 19. gxf3 exd6 20. Ne6 Rf7 21. Rac1 c5 22. Rfd1 d4 23. b4 Re7 24. Nf4 Bh6 25. Nd5 Re5 26. Nxf6+ Kf7 27. Ng4 Bxc1 28. Nxe5+ dxe5 29. Rxc1 cxb4 30. Rc7+ Ke6 31. Rb7 a5 32. Rxh7 a4 33. Rb7 b3 34. a3 Kd5 35. Kg2 Kc4 36. Rc7+ Kd3 37. Kg3 Rb8 38. Rg7 b2 39. Rxg6 b1=Q 40. h4 Qg1+ 0-1


[Site "https://www.chess.com"]

[Event "Titled Tuesday Blitz May 2 Early 2023"]
[White "Necula, Iulian"]
[Black "Vasques, Antonio Pedro Freixial"]
[WhiteFideId "1232380"]
[BlackFideId "1908332"]
[WhiteElo "1790"]
[BlackElo "2212"]
[Result "1-0"]
[Round "11"]
[TimeControl "180+2"]
[Date "2023.05.03"]
[WhiteClock "0:00:00"]
[BlackClock "0:00:00"]

1. d4 Nf6 2. Nc3 d5 3. Bf4 a6 4. e3 Bf5 5. Nf3 e6 6. Ne5 Bd6 7. g4 Bg6 8. h4 Ne4 9. h5 Nxc3 10. bxc3 Be4 11. f3 f6 12. fxe4 fxe5 13. dxe5 Bc5 14. exd5 exd5 15. g5 Nc6 16. Bg2 Ne7 17. Qd3 c6 18. O-O Qd7 19. Rab1 b5 20. a4 Qg4 21. axb5 axb5 22. Qd1 Qxd1 23. Rfxd1 O-O 24. Kh2 Nf5 25. Rd3 Ra2 26. Rc1 Rfa8 27. e6 Re8 28. e4 dxe4 29. Bxe4 g6 30. Bxc6 Rf8 31. Bxb5 Nh4 32. e7 Bxe7 33. Bc4+ Kg7 34. Be5+ Bf6 35. gxf6+ Kh6 36. Bxa2 g5 37. f7 g4 38. Bd6 Rc8 39. f8=Q+ 1-0


[Site "https://www.chess.com"]

[Event "Titled Tuesday Blitz May 2 Early 2023"]
[White "Wessendorf, Thomas, Dr."]
[Black "Flis, Pawel"]
[WhiteFideId "4604270"]
[BlackFideId "1112864"]
[WhiteElo "2280"]
[BlackElo "1822"]
[Result "1-0"]
[Round "11"]
[TimeControl "180+2"]
[Date "2023.05.03"]
[WhiteClock "0:00:00"]
[BlackClock "0:00:00"]

1. e4 c5 2. Nf3 d6 3. d4 Nf6 4. Nc3 cxd4 5. Nxd4 a6 6. Be3 e5 7. Nb3 Be6 8. Qd2 Be7 9. f4 Ng4 10. f5 Bd7 11. Nd5 Nxe3 12. Qxe3 Nc6 13. Bd3 O-O 14. O-O Bg5 15. Qf2 f6 16. h4 Bh6 17. g4 Bf4 18. Nxf4 exf4 19. Bc4+ Kh8 20. Qxf4 Ne5 21. Bd5 Bc6 22. Rad1 Bxd5 23. Rxd5 Rc8 24. Rf2 Rc6 25. Nd4 Rc4 26. Ne6 Qc8 27. c3 Re8 28. Rfd2 Nf7 29. g5 Rc6 30. gxf6 gxf6 31. Rg2 Rg8 32. Rd2 Ne5 33. Qh6 Nd7 34. Rg7 1-0


[Site "https://www.chess.com"]

[Event "Titled Tuesday Blitz May 2 Early 2023"]
[White "Kubatko, Ivan"]
[Black "Schut, Han"]
[WhiteFideId "24111473"]
[BlackFideId "1005561"]
[WhiteElo "2285"]
[BlackElo "2024"]
[Result "1-0"]
[Round "11"]
[TimeControl "180+2"]
[Date "2023.05.03"]
[WhiteClock "0:00:00"]
[BlackClock "0:00:00"]

1. e4 c5 2. Nc3 g6 3. f4 Bg7 4. Nf3 Nc6 5. Bc4 e6 6. f5 Nge7 7. fxe6 dxe6 8. d3 O-O 9. Bg5 a6 10. a4 Qa5 11. O-O Re8 12. Qe1 f6 13. Qh4 fxg5 14. Nxg5 h6 15. Nf7 Kh7 16. Ng5+ Kg8 17. Bxe6+ Bxe6 18. Nxe6 c4 19. Nxg7 Kxg7 20. Qf6+ 1-0


[Site "https://www.chess.com"]

[Event "Titled Tuesday Blitz May 2 Early 2023"]
[White "Kornyukov, Alexey"]
[Black "Larina, Maria"]
[WhiteFideId "4150457"]
[BlackFideId "24113182"]
[WhiteElo "2352"]
[BlackElo "1848"]
[Result "1-0"]
[Round "11"]
[TimeControl "180+2"]
[Date "2023.05.03"]
[WhiteClock "0:00:00"]
[BlackClock "0:00:00"]

1. e4 c6 2. d4 d5 3. f3 Qb6 4. Nc3 dxe4 5. fxe4 e5 6. Nf3 exd4 7. Qxd4 Qxd4 8. Nxd4 Nf6 9. Bg5 Be7 10. O-O-O Bg4 11. Be2 Bxe2 12. Ndxe2 Nfd7 13. Bxe7 Kxe7 14. Ng3 g6 15. Rhe1 Ne5 16. Nce2 Nbd7 17. Nd4 h5 18. Nf3 h4 19. Ne2 h3 20. Nxe5 Nxe5 21. g3 Nf3 22. Rh1 g5 23. Nd4 Nxd4 24. Rxd4 Rad8 25. Rhd1 Rxd4 26. Rxd4 Ke6 27. Kd2 g4 28. Ke3 f5 29. exf5+ Kxf5 30. Rd7 Re8+ 31. Kf2 Rb8 32. Rf7+ Kg5 33. Rg7+ Kf5 34. Ke3 Re8+ 35. Kd3 Re1 36. Rxb7 Rh1 37. Rf7+ Kg6 38. Rf2 Rg1 39. a3 Rb1 40. b3 a5 41. a4 Rd1+ 42. Kc3 Rg1 43. Kd2 Rg2 44. Ke2 Rg1 45. Rf1 Rg2+ 46. Rf2 Rg1 47. Kd3 Rd1+ 48. Kc4 Rg1 49. Rd2 Rg2 50. Kc3 Rg1 51. Kd3 Rg2 52. Ke3 Rg1 53. Rd6+ Kf5 54. Rd8 Rg2 55. Rf8+ Ke5 56. Rf2 Rg1 57. Re2 Kf5 58. Kd4 Rd1+ 59. Kc5 Rg1 60. Rf2+ Kg5 61. Kxc6 Rg2 62. Rf1 Rxc2+ 63. Kb5 Rxh2 64. Kxa5 Rg2 65. b4 h2 66. Rh1 Rxg3 67. Rxh2 Rh3 68. Rg2 Kf4 69. b5 Kf3 70. Rb2 Rh5 71. Ka6 g3 72. b6 g2 73. Rxg2 Kxg2 74. b7 Rh6+ 75. Ka7 Rh7 76. Ka8 Rh8+ 77. b8=Q Rxb8+ 78. Kxb8 Kf3 79. a5 Ke4 80. a6 Kd5 81. a7 Kc6 82. a8=Q+ Kb6 83. Qa7+ 1-0


[Site "https://www.chess.com"]

[Event "Titled Tuesday Blitz May 2 Early 2023"]
[White "Barria Santos, Jose Guilherme"]
[Black "Pein, Jonathan"]
[WhiteFideId "1939300"]
[BlackFideId "417092"]
[WhiteElo "2266"]
[BlackElo "2151"]
[Result "0-1"]
[Round "11"]
[TimeControl "180+2"]
[Date "2023.05.03"]
[WhiteClock "0:00:00"]
[BlackClock "0:00:00"]

1. d4 g6 2. c4 Bg7 3. Nc3 d6 4. e4 Nf6 5. Be2 O-O 6. Bg5 c5 7. d5 e6 8. Nf3 h6 9. Bf4 exd5 10. exd5 Qb6 11. Qc1 Bf5 12. O-O Re8 13. a3 Kh7 14. Re1 Nbd7 15. Na4 Qa6 16. Nc3 Qb6 17. Nh4 Rxe2 18. Nxe2 Bd3 19. Nf3 Nh5 20. Be3 Qxb2 21. Qxb2 Bxb2 22. Ra2 Bg7 23. Rc1 Re8 24. g3 Nb6 25. Kf1 Nxc4 26. g4 Nxe3+ 27. fxe3 Nf6 28. g5 Nxd5 29. gxh6 Bxh6 30. Ke1 Rxe3 31. Ng1 Nf4 32. Rd1 d5 33. Kf2 Nxe2 34. Nxe2 Bc4 35. Rb2 b6 36. a4 Re6 37. Re1 Bg7 38. a5 Bxb2 0-1


[Site "https://www.chess.com"]

[Event "Titled Tuesday Blitz May 2 Early 2023"]
[White "Elissalt Cardenas, Hector"]
[Black "Ankudinova, Yelena"]
[WhiteFideId "3500632"]
[BlackFideId "13702114"]
[WhiteElo "2202"]
[BlackElo "1937"]
[Result "0-1"]
[Round "11"]
[TimeControl "180+2"]
[Date "2023.05.03"]
[WhiteClock "0:00:00"]
[BlackClock "0:00:01"]

1. d4 d5 2. c4 dxc4 3. Nf3 Nf6 4. Nbd2 a6 5. Nxc4 b5 6. Nce5 Bb7 7. e3 e6 8. Be2 Nbd7 9. O-O c5 10. dxc5 Bxc5 11. b3 Nxe5 12. Nxe5 Qxd1 13. Rxd1 O-O 14. Bb2 Rfd8 15. Kf1 Rac8 16. Bd3 h6 17. Ke2 Bxg2 18. f3 Bh3 19. Rg1 Nh5 20. Ng4 Bxg4 21. Rxg4 Be7 22. Rag1 g6 23. Bxg6 fxg6 24. Rxg6+ Kf7 25. Rxh6 Rc2+ 0-1


[Site "https://www.chess.com"]

[Event "Titled Tuesday Blitz May 2 Early 2023"]
[White "Osiecki, Stanislaw"]
[Black "Hartikainen, Jarmo"]
[WhiteFideId "1102990"]
[BlackFideId "503134"]
[WhiteElo "2088"]
[BlackElo "2108"]
[Result "1-0"]
[Round "11"]
[TimeControl "180+2"]
[Date "2023.05.03"]
[WhiteClock "0:00:00"]
[BlackClock "0:00:00"]

1. e4 c5 2. c3 d5 3. e5 Bf5 4. d4 e6 5. Bd3 cxd4 6. Bxf5 exf5 7. cxd4 Nc6 8. Ne2 g6 9. O-O Bg7 10. Nbc3 Nge7 11. Bg5 h6 12. Bf6 O-O 13. Bxg7 Kxg7 14. Qd2 a6 15. Na4 b6 16. Rac1 f6 17. Nf4 Kh7 18. Ne6 Qd7 19. Nxf8+ Rxf8 20. exf6 Rxf6 21. Nxb6 Qd6 22. Na4 f4 23. f3 Nf5 24. Rf2 Ncxd4 25. Nc5 h5 26. Nd3 Ne3 27. Re1 Ndf5 28. Nb4 d4 29. Nc2 d3 30. Nxe3 fxe3 31. Rxe3 Nxe3 32. Qxe3 Re6 33. Qd2 Qd4 34. Kf1 Rc6 35. g3 Rc2 36. Qe1 Rxf2+ 37. Qxf2 Qc4 38. Qd2 Qc2 39. Ke1 Qb1+ 40. Kf2 Qc2 41. Ke3 Qb1 42. Qxd3 Qxa2 43. Qd7+ Kh6 44. Qd4 Qb3+ 45. Kf2 a5 46. h4 Qb4 47. Qh8# 1-0


[Site "https://www.chess.com"]

[Event "Titled Tuesday Blitz May 2 Early 2023"]
[White "Vargas, Mauricio"]
[Black "Van Baar, Esper"]
[WhiteFideId "4404572"]
[BlackFideId "1049321"]
[WhiteElo "1998"]
[BlackElo "2180"]
[Result "0-1"]
[Round "11"]
[TimeControl "180+2"]
[Date "2023.05.03"]
[WhiteClock "0:00:00"]
[BlackClock "0:00:00"]

1. e4 c5 2. f4 d5 3. e5 h5 4. g3 Bf5 5. Bb5+ Nc6 6. Bxc6+ bxc6 7. d3 Qd7 8. h3 d4 9. Nd2 e6 10. Ne4 Bxe4 11. dxe4 g6 12. Nf3 Rd8 13. O-O f6 14. exf6 Nxf6 15. Ne5 Qg7 16. Nxc6 Rd6 17. Ne5 h4 18. g4 Nxe4 19. Qe1 Ng3 20. Rf3 Be7 21. b3 O-O 22. Ba3 Rd5 23. Rd1 Rxe5 24. Qxe5 Qxe5 25. fxe5 Rxf3 26. Re1 Rc3 27. Rc1 Ne2+ 28. Kg2 Nxc1 29. Bxc1 Rxc2+ 30. Bd2 Rxd2+ 31. Kf3 Rxa2 32. Ke4 Rb2 33. Kd3 Rxb3+ 34. Kc4 Rxh3 35. g5 Rg3 36. Kb5 h3 37. Kc4 h2 38. Kb5 h1=Q 39. Kc4 Rc3+ 40. Kb5 Qb1+ 41. Kc6 Qb6+ 42. Kd7 Qb7+ 43. Kxe6 Qc6+ 44. Kxe7 Rb3 45. e6 Rb8 46. Kf6 Re8 47. Kxg6 Qxe6+ 48. Kh5 Qh3+ 49. Kg6 Re6# 0-1